 Dungeon Crawl Stone Soup version 0.31.0-11-ge490571c62 (webtiles) character file.

Game seed: 13968911649661934761

79 Gadfly the Insei (level 4, -1/35 HPs)
             Began as a Demonspawn Monk on Feb 2, 2024.
             Slain by an orc
             ... wielding a +0 flail
              (6 damage)
             ... on level 2 of the Dungeon.
             The game lasted 00:02:55 (1455 turns).

Gadfly the Insei (Demonspawn Monk)                  Turns: 1455, Time: 00:02:55

Health: -1/35      AC:  2    Str: 13    XL:     4   Next: 16%
Magic:  4/4        EV: 13    Int: 11    God:
Gold:   86         SH:  0    Dex: 15    Spells: 3/3 levels left

rFire   . . .        b - +2 short sword (venom)
rCold   . . .        c - orb {light}
rNeg    . . .        a - +0 robe
rPois   .            (helmet restricted)
rElec   .            (no cloak)
rCorr   .            (no gloves)
SInv    .            (no boots)
Will    .....        (no amulet)
Stlth   +            (no ring)
HPRegen 0.25/turn    (no ring)
MPRegen 0.09/turn

%: no passive effects
@: glowing
A: horns 1
a: no special abilities


You were on level 2 of the Dungeon.
You visited 1 branch of the dungeon, and saw 2 of its levels.

You collected 86 gold pieces.

Inventory:

Hand Weapons
 b - a +2 short sword of venom (weapon)
 f - a +4 short sword
Armour
 a - a +0 robe (worn)
 c - an orb of light (worn)
Potions
 d - a potion of ambrosia
 e - a potion of resistance {unknown}


   Skills:
 - Level 3.0 Fighting
 + Level 3.0 Dodging
 * Level 3.4 Unarmed Combat
 * Level 1.9 Evocations
 * Level 1.3 Shapeshifting


You had 3 spell levels left.
You didn't know any spells.
Your spell library was empty.

Dungeon Overview and Level Annotations

Branches:
Dungeon (2/15)

Altars:
Makhleb


Innate Abilities, Weirdness & Mutations

You have a pair of small horns on your head.


Message History

You hit the orc wizard but do no damage.
The orc wizard is heavily wounded.
The orc barely misses you. The orc wizard casts a spell at you.
The magic dart hits you.
You hit the orc wizard but do no damage.
The orc wizard looks as sick as possible!
The orc wizard is almost dead.
The orc barely misses you.
The orc wizard hits you with a +0 dagger.
You are too injured to fight recklessly!
You are too injured to fight recklessly!
You are too injured to fight recklessly!
You are too injured to fight recklessly!
You are too injured to fight recklessly!
You are too injured to fight recklessly!
You are too injured to fight recklessly!
You are too injured to fight recklessly!
You are too injured to fight recklessly!
You are too injured to fight recklessly!
You are too injured to fight recklessly!
You are too injured to fight recklessly!
You are too injured to fight recklessly!
You are too injured to fight recklessly!
You are too injured to fight recklessly!
You are too injured to fight recklessly!
You are too injured to fight recklessly!
You hit the orc but do no damage.
The orc is poisoned.
You kill the orc wizard!
Reactivating autopickup.
The orc hits you with a +0 flail!
* * * LOW HITPOINT WARNING * * *
Your Dodging skill increases to level 3!
You have reached level 4!
You feel clever. The orc attacks as it pursues you!
The orc completely misses you.
You completely miss the orc.
The orc is heavily wounded.
The orc hits you with a +0 flail.
You die...

##...............................
............###÷.#.###.###.#.####
.......#....###..#.###........†.#
.#.....#.........................
##...............#.#######.#.....
##...................)...........
##.......#.###..)...............#
##.......# #.#o#.##.####.#.#..#
##.......#.###.#@#.##.####.#.#..#
##.......#......$..........#.#..#
##.>.....#####.#.#.##.######.#..#
.............................#..#
##...###.#######.#.##.######.#..#
.....###.#######.#.##.# #.#..#
......................# #.#..#
##...............#.##.# #.#..#
#...###########.#.##.######.##.#


You could see an orc (very poisoned).

Vanquished Creatures
  An orc wizard (D:2)
  A ribbon worm (D:2)
  2 dart slugs (D:1)
  An orc (D:2)
  2 endoplasms
  A giant cockroach (D:1)
  4 hobgoblins
  2 jackals (D:1)
  3 kobolds
  A quokka (D:1)
  7 ball pythons
  6 bats
  2 frilled lizards
  5 goblins (D:1)
  7 rats
45 creatures vanquished.

Notes
Turn   | Place    | Note
-------+----------+-------------------------------------------
     0 | D:1      | Gadfly the Demonspawn Monk began the quest for the Orb.
     0 | D:1      | Reached XP level 1. HP: 18/18 MP: 1/1
    77 | D:1      | Found a faded altar of an unknown god.
   160 | D:1      | Gained mutation: You have a pair of small horns on your
                  | head. [demonic ancestry]
   160 | D:1      | Reached XP level 2. HP: 15/24 MP: 2/2
   467 | D:1      | Reached skill level 1 in Evocations
   729 | D:1      | Reached XP level 3. HP: 23/29 MP: 3/3
   861 | D:2      | Found a burning altar of Makhleb.
   911 | D:2      | Reached skill level 1 in Shapeshifting
   965 | D:2      | Identified the +2 dagger of Teosutuw {flame, rPois rC-
                  | MP+9}
  1454 | D:2      | Reached XP level 4. HP: 5/35 MP: 4/4
  1455 | D:2      | Slain by an orc

Illustrated notes

Levels and vault maps discovered:
D:1:      minmay_arrival_checkered_box, layout_rooms,
          dreamdust_ecumenical_altar_angels_and_demons, serial_forest,
          infiniplex_forest_straight_1, infiniplex_forest_corner_2,
          infiniplex_forest_straight_3, infiniplex_forest_end_double,
          infiniplex_forest_join, infiniplex_forest_straight_1,
          infiniplex_forest_fountain, minmay_misc_feat_rows, hex_intersection
D:2:      layout_basic, basic_altar, chequers_serial_rivers_micro_c,
          kennysheep_generic_room_7, uniq_crazy_yiuf_cottage

Skill      XL: |  1  2  3 |
---------------+----------+-----
Unarmed Combat | 3 |  3.4
Evocations     | 1 |  1.9
Shapeshifting  | 1 |  1.3
Dodging        | 3 |  3.0
Fighting       | |  3.0

Action                     |  1- 3 |  4- 6 || total
---------------------------+-------+-------++-------
  Melee: Unarmed           |    44 |       ||    44
         Short sword       |    77 |     1 ||    78
         Headbutt          |    12 |       ||    12
    Use: Scroll            |     1 |       ||     1
 Armour: Robe              |    59 |     1 ||    60
  Dodge: Dodged            |    75 |     1 ||    76
